 Dungeon Crawl Stone Soup version 0.21.0-3-g78d12a8 (webtiles) character file.

8479 tilp the Destroyer (level 11, -1/95 HPs)
             Began as a Purple Draconian Conjurer on Jan 9, 2018.
             Was a Priest of Vehumet.
             Slain by an orc knight
             ... wielding a +0 war axe
              (23 damage)
             ... in a bailey on Jan 11, 2018.
             The game lasted 00:44:42 (13926 turns).

tilp the Destroyer (Purple Draconian Conjurer)     Turns: 13926, Time: 00:44:43

Health: -1/95      AC:  8    Str: 10    XL:     11   Next: 10%
Magic:  9/23       EV: 14    Int: 18    God:    Vehumet [***...]
Gold:   575        SH:  0    Dex: 13    Spells: 12/26 levels left

rFire    . . .     SeeInvis .   e - +2 whip (elec)
rCold    . . .     Gourm    .   (no shield)
rNeg     . . .     Faith    .   (armour unavailable)
rPois    .         Spirit   .   o - +1 hat
rElec    .         Reflect  .   (no cloak)
rCorr    .         Harm     .   (no gloves)
MR       +....                  (no boots)
Stlth    +++.......             (no amulet)
HPRegen  0.25/turn              (no ring)
MPRegen  0.18/turn              (no ring)

@: no status effects
A: breathe power, unfitting armour, cold-blooded, AC +7
a: Breathe Dispelling Energy, Renounce Religion


You were in a bailey.
You worshipped Vehumet.
Vehumet was most pleased with you.
You were not hungry.

You visited 1 branch of the dungeon, and saw 9 of its levels.
You also visited: Bailey.

You collected 575 gold pieces.

Inventory:

Hand Weapons
 d - a +3 whip of venom
 e - a +2 whip of electrocution (weapon)
 h - a +0 short sword
 l - a cursed +3 morningstar
 p - a +1 whip of freezing
 u - a +0 blowgun
 x - a +1 long sword of distortion
 E - a +3 scimitar
 G - a +4 short sword
 H - a +3 hand axe
Missiles
 g - 259 stones
 k - 133 bolts
 q - 24 sling bullets
 s - 10 tomahawks (quivered)
 t - 11 poisoned needles
 w - 16 arrows
Armour
 o - a +1 hat (worn)
 O - a +2 buckler
Jewellery
 K - a cursed ring of loudness {unknown}
Wands
 r - a wand of flame (26)
Scrolls
 f - 11 scrolls of remove curse
 i - 3 scrolls of immolation
 m - 4 scrolls of blinking
 y - a scroll of fog {unknown}
 A - a scroll of magic mapping
 C - 3 scrolls of enchant weapon
 D - a scroll of teleportation
 I - a scroll of acquirement {unknown}
 M - 3 scrolls of identify
Potions
 c - 8 potions of curing
 j - a potion of agility
 n - 3 potions of haste
 v - 2 potions of flight
 B - a potion of experience {unknown}
 F - a potion of mutation {unknown}
 N - 2 potions of magic {unknown}
Books
 a - a book of Conjurations

   Spells                             Type                      Level
   a - Magic Dart                     Conjuration                  1
   b - Searing Ray                    Conjuration                  2
   c - Dazzling Spray                 Conjuration/Hexes            3
   d - Fulminant Prism                Conjuration/Hexes            4
   e - Force Lance                    Conjuration/Translocation    4
   f - Iskenderun's Mystic Blast      Conjuration                  4
 J - a book of Flames

   Spells                             Type                      Level
   a - Flame Tongue                   Conjuration/Fire             1
   b - Throw Flame                    Conjuration/Fire             2
   c - Conjure Flame                  Conjuration/Fire             3
   d - Inner Flame                    Hexes/Fire                   3
   e - Sticky Flame                   Conjuration/Fire             4
   f - Fireball                       Conjuration/Fire             5
 L - a book of Power

   Spells                             Type                      Level
   a - Iskenderun's Battlesphere      Conjuration/Charms           5
   b - Venom Bolt                     Conjuration/Poison           5
   c - Bolt of Magma                  Conjuration/Fire/Earth       5
   d - Iron Shot                      Conjuration/Earth            6
   e - Orb of Destruction             Conjuration                  7
   f - Spellforged Servitor           Conjuration/Summoning        7
Comestibles
 b - 13 rations
 z - 2 chunks of flesh


   Skills:
 - Level 8.4 Fighting
 + Level 4.4 Dodging
 - Level 4.1 Stealth
 - Level 8.0 Spellcasting
 + Level 12.1 Conjurations
 - Level 2.1 Fire Magic
 - Level 4.0 Evocations


You had 12 spell levels left.
You knew the following spells:

 Your Spells              Type           Power        Failure   Level  Hunger
a - Magic Dart            Conj           ####         1%          1    None
b - Searing Ray           Conj           ######       1%          2    None
c - Iskenderun's Mystic   Conj           ######..     1%          4    ###....
d - Conjure Flame         Conj/Fire      ####....     1%          3    #......
e - Sticky Flame          Conj/Fire      ####....     1%          4    ###....


Dungeon Overview and Level Annotations

Branches:
Dungeon (9/15)             Temple (0/1) D:6
   Lair: D:8-11         Orc: D:9-12

Altars:
Ashenzari
Dithmenos
Okawaru
Trog
Vehumet
The Shining One

Shops:
D:5 :

Annotations:
D:3 Akransas's ghost, amateur MfBe
D:6 MTVSty1e's ghost, novice FoFi
D:7 Dowan; Duvessa


Innate Abilities, Weirdness & Mutations

You can breathe bolts of dispelling energy.
Your rich purple scales are hard. (AC +7)
You cannot fit into any form of body armour.
You are cold-blooded and may be slowed by cold attacks.


Message History

Casting: Searing Ray
Confirm with . or Enter, or press ? or * to list all spells.
Aiming: Sticky Flame
Press: ? - help, Shift-Dir - straight line, f/p - orc knight
Aim: an orc knight, wielding a war axe and wearing a plate armour (heavily wounded)
The sticky flame hits the orc knight.
The orc knight is heavily wounded.
The orc knight is covered in liquid flames!
The orc knight burns!
The orc knight burns!
The orc knight burns!
The orc knight burns!
The orc knight burns!
The orc knight hits you with a war axe!
* * * LOW HITPOINT WARNING * * *
The orc knight burns!
The orc knight burns!
The orc knight burns!
The orc knight burns!
The orc knight hits you with a war axe!!
You die...

##..... #......
#...... #.....⌠
#....). #...... ♣♣♣♣♣
###).... ♣♣.♣.♣♣♣
###.#)#...
♣..@)..♣###.).))###.
♣♣♣..o.[[##.........##
♣........#...........#
♣♣.[[.[[.[[..[[......#
♣...∩.∩..')....⌠.....#
♣.......)))..[.......#
♣♣.....[[#))..)......#
♣♣......##.)).)....##
♣......♣♣###.o...###.


You could see an orc knight (burning).

Vanquished Creatures
  An orc warlord (Bailey)
  3 orc knights (Bailey)
  Pikel (D:4)
  Prince Ribbit (D:8)
  3 hippogriffs (D:7)
  Menkaure (D:7)
  A water moccasin (D:8)
  9 orc warriors
  A sky beast (D:5)
  3 slaves (D:4)
  A black bear (D:6)
  3 ice beasts
  2 ogres
  2 phantoms
  A necrophage (D:5)
  2 bullfrogs
  A water moccasin zombie (D:7)
  3 scorpions
  3 killer bees
  18 wights
  5 howler monkeys
  6 crimson imps
  3 orc priests
  A jelly (D:4)
  A bullfrog zombie (D:6)
  2 bullfrog skeletons
  3 hounds (D:7)
  8 orc wizards
  Jessica (D:3)
  Terence (D:2)
  Natasha (thrice) (D:4)
  9 worker ants
  A hound zombie (D:5)
  13 gnolls
  11 adders
  5 oozes (D:1)
  An adder zombie (D:8)
  3 worms
  3 dart slugs
  8 leopard geckos
  37 orcs
  A ball python (D:7)
  3 bats
  11 giant cockroaches
  15 hobgoblins
  22 jackals
  13 kobolds
  4 quokkas
  3 frilled lizards
  24 goblins
  10 rats
291 creatures vanquished.

Notes
Turn   | Place    | Note
-------+----------+-------------------------------------------
     0 | D:1      | tilp the Draconian Conjurer began the quest for the Orb.
     0 | D:1      | Reached XP level 1. HP: 14/14 MP: 3/3
     1 | D:1      | Found a runed door.
   461 | D:1      | Reached XP level 2. HP: 20/20 MP: 1/5
   465 | D:1      | Learned a level 2 spell: Searing Ray
  1320 | D:1      | Reached skill level 5 in Conjurations
  1322 | D:1      | Reached XP level 3. HP: 21/26 MP: 2/6
  2129 | D:2      | Reached XP level 4. HP: 33/33 MP: 7/7
  2416 | D:2      | Noticed Terence
  2431 | D:2      | Killed Terence
  2431 | D:2      | Reached skill level 6 in Conjurations
  2725 | D:2      | Found a bloodstained altar of Trog.
  2882 | D:3      | Noticed Akransas's ghost (amateur MfBe)
  2929 | D:3      | Reached XP level 5. HP: 36/38 MP: 8/8
  2970 | D:3      | Noticed Jessica
  3623 | D:3      | Reached skill level 7 in Conjurations
  3727 | D:3      | Killed Jessica
  4003 | D:3      | Reached XP level 6. HP: 45/45 MP: 6/9
  4771 | D:3      | Reached skill level 8 in Conjurations
  5218 | D:4      | Noticed Natasha
  5223 | D:4      | Killed Natasha
  5223 | D:4      | Reached skill level 1 in Fighting
  5271 | D:4      | Noticed a slave
  5290 | D:4      | Killed a slave
  5322 | D:4      | Noticed a slave
  5329 | D:4      | Killed a slave
  5456 | D:4      | Noticed Pikel
  5461 | D:4      | Noticed a slave
  5482 | D:4      | Killed a slave
  5587 | D:4      | Noticed a slave
  5617 | D:4      | Killed Pikel
  5617 | D:4      | Your scales start taking on a rich purple colour.
  5617 | D:4      | Reached XP level 7. HP: 25/59 MP: 2/10
  5853 | D:4      | Noticed Natasha
  5881 | D:4      | Killed Natasha
  6015 | D:4      | Reached XP level 8. HP: 39/66 MP: 2/12
  6284 | D:4      | Noticed Natasha
  6288 | D:4      | Killed Natasha
  6427 | D:5      | Entered Level 5 of the Dungeon
  6678 | D:5      | Reached skill level 5 in Spellcasting
  6678 | D:5      | Reached skill level 9 in Conjurations
  6812 | D:5      | Found Jodiets's Book Emporium.
  6893 | D:5      | Found a glowing golden altar of the Shining One.
  6915 | D:5      | Found a shattered altar of Ashenzari.
  6915 | D:5      | Found an iron altar of Okawaru.
  6919 | D:5      | Found a radiant altar of Vehumet.
  6926 | D:5      | Became a worshipper of Vehumet
  7286 | D:5      | Learned a level 4 spell: Iskenderun's Mystic Blast
  7778 | D:6      | Noticed MTVSty1e's ghost (novice FoFi)
  7983 | D:6      | Found a staircase to the Ecumenical Temple.
  8127 | D:6      | Reached XP level 9. HP: 71/71 MP: 18/18
  8153 | D:6      | Reached skill level 10 in Conjurations
  8362 | D:6      | Reached skill level 1 in Evocations
  8535 | D:6      | Found a shadowy altar of Dithmenos.
  8586 | D:7      | Noticed Menkaure
  8590 | D:7      | Killed Menkaure
  8817 | D:7      | Reached * piety under Vehumet
  8817 | D:7      | Offered knowledge of Flame Tongue by Vehumet.
  9837 | D:7      | Reached skill level 11 in Conjurations
  9926 | D:7      | Noticed Duvessa
 10289 | D:7      | Noticed Dowan
 10782 | D:8      | Reached XP level 10. HP: 78/78 MP: 14/19
 11029 | D:8      | Learned a level 3 spell: Conjure Flame
 11034 | D:8      | Learned a level 4 spell: Sticky Flame
 11060 | D:8      | Offered knowledge of Freeze by Vehumet.
 11116 | D:8      | Reached ** piety under Vehumet
 11362 | D:8      | Noticed Prince Ribbit
 11367 | D:8      | Killed Prince Ribbit
 11823 | D:8      | Reached skill level 12 in Conjurations
 12082 | D:9      | Reached skill level 1 in Fire Magic
 12488 | D:9      | Found a flagged portal.
 12503 | Bailey   | Entered a bailey
 12598 | Bailey   | Offered knowledge of Stone Arrow by Vehumet.
 12828 | Bailey   | Reached skill level 5 in Fighting
 12949 | Bailey   | Reached *** piety under Vehumet
 13202 | Bailey   | Offered knowledge of Static Discharge by Vehumet.
 13212 | Bailey   | Noticed an orc knight
 13279 | Bailey   | Killed an orc knight
 13495 | Bailey   | Noticed an orc knight
 13520 | Bailey   | Killed an orc knight
 13750 | Bailey   | Noticed an orc warlord
 13761 | Bailey   | Killed an orc warlord
 13761 | Bailey   | Reached XP level 11. HP: 63/95 MP: 23/23
 13835 | Bailey   | Noticed an orc knight
 13860 | Bailey   | Killed an orc knight
 13864 | Bailey   | Noticed an orc knight
 13926 | Bailey   | Slain by an orc knight

Skill      XL: |  1  2  3  4  5  6  7  8  9 10 |
---------------+-------------------------------+-----
Conjurations   | 5 6 7 8 9 11 12 | 12.1
Dodging        | 4 |  4.4
Fighting       | 4 8 |  8.4
Spellcasting   | 3 6 8 |  8.0
Stealth        | 4 |  4.1
Evocations     | 4 |  4.0
Fire Magic     | 2 |  2.1

Action                   |  1- 3 |  4- 6 |  7- 9 | 10-12 || total
-------------------------+-------+-------+-------+-------++-------
Melee: Short sword       |    73 |    40 |       |       ||   113
       Tailslap          |    10 |     7 |    16 |     5 ||    38
       Unarmed           |     2 |       |       |       ||     2
       Whip              |       |    79 |   149 |    81 ||   309
Throw: Stone             |     7 |       |       |       ||     7
 Cast: Magic Dart        |    32 |    52 |    33 |    71 ||   188
       Searing Ray       |     3 |    27 |    55 |    51 ||   136
       Sticky Flame      |       |       |       |     6 ||     6
 Abil: Breathe Dispellin |       |       |     1 |       ||     1
Evoke: Wand              |       |       |       |    20 ||    20
  Use: Scroll            |       |    10 |     2 |     2 ||    14
       Potion            |       |     1 |     1 |       ||     2
 Stab: Sleeping          |     1 |     2 |     6 |       ||     9
  Eat: Chunk             |     2 |    12 |    11 |     7 ||    32
       Ration            |     1 |       |     2 |     1 ||     4
Armor: Skin              |    18 |    66 |    81 |    23 ||   188
Dodge: Dodged            |    42 |   119 |   183 |    73 ||   417
